 Dungeon Crawl Stone Soup version 0.17-a0-1642-gd4b747b (webtiles) character file.

121 ithil the Sneak (level 5, 0/35 HPs)
             Began as an Octopode Assassin on Aug 8, 2015.
             Succumbed to poison (a potion of poison)
             ... on level 3 of the Dungeon.
             The game lasted 00:13:59 (1884 turns).

ithil the Sneak (Octopode Assassin)                 Turns: 1884, Time: 00:13:59

Health: 0/35       AC:  1    Str: 11    XL:     5   Next: 5%
Magic:  5/5        EV: 12    Int: 13    God:
Gold:   133        SH:  0    Dex: 14    Spells: 0 memorised, 4 levels left

rFire  . . .     SeeInvis .     a - +2 dagger
rCold  . . .     Clarity  .     (no shield)
rNeg   . . .     SustAt   .     (helmet restricted)
rPois  .         Gourm    .     g - amulet of regeneration
rElec  .         Spirit   .     (no ring)
rCorr  .         Warding  .     (no ring)
rMut   .         Stasis   .     (no ring)
MR     .....                    (no ring)
Stlth  +++++.....               (no ring)
                                (no ring)
                                (no ring)
                                (no ring)

@: lethally poisoned (0 -> -11), not resistant to hostile enchantments, quite
stealthy
A: almost no armour, amphibious, 8 rings, constrict 8, camouflage 1, gelatinous
body 1
a: no special abilities


You were on level 3 of the Dungeon.
You were not hungry.

You visited 1 branch of the dungeon, and saw 3 of its levels.

You collected 133 gold pieces.

Inventory:

Hand weapons
 a - a +2 dagger (weapon)
 b - a +0 blowgun
 h - a +0 falchion
 k - a +0 club
 o - a +0 hunting sling
 x - a +2 dagger of freezing
Missiles
 c - 8 poisoned needles
 d - 2 curare-tipped needles
 m - 43 stones (quivered)
Jewellery
 g - an amulet of regeneration (around mantle)
Scrolls
 v - a scroll of amnesia
Potions
 i - a potion of flight
 l - a potion of lignification {unknown}
 r - a potion of degeneration {unknown}
 w - a potion of agility {unknown}
Comestibles
 e - 2 bread rations
 f - 2 beef jerkies
 j - a chunk of flesh
 q - a slice of pizza
 u - 2 meat rations


   Skills:
 + Level 2.4 Fighting
 + Level 2.6 Short Blades
 + Level 2.5 Throwing
 + Level 1.4 Dodging
 + Level 7.3 Stealth


You had 4 spell levels left.
You didn't know any spells.

Dungeon Overview and Level Annotations

Branches:
Dungeon (3/15)

Altars:
Trog

Annotations:
D:3 Chiseanne's ghost, average DsWn


Innate Abilities, Weirdness & Mutations

You cannot wear most types of armour.
You are amphibious.
You can wear up to eight rings at the same time.
You can use your tentacles to constrict eight enemies at once.
Your skin changes colour to match your surroundings (Stealth).
Your rubbery body absorbs attacks (AC +1).


Message History

That liquid tasted very nasty...
You are lethally poisoned!
* * * LOW HITPOINT WARNING * * *
You feel very sick. Chiseanne's ghost closely misses you.
Read which item? (? for menu, Esc to quit)
Okay, then.
* * * LOW HITPOINT WARNING * * *
You feel sick.
Found 14 gold pieces.
* * * LOW HITPOINT WARNING * * *
You feel very sick.
Found a hunting sling.
There is an open door here.
* * * LOW HITPOINT WARNING * * *
You feel sick.
* * * LOW HITPOINT WARNING * * *
You feel sick.
The kobold shouts!
You die...

................
#####...###....
##.## .. #.# #.#
##g## ##W..##
##.....##
#.@.....#
#.........#
+......K....
#.$.........#
##.).....#.≈≈
##.....##≈≈
##...## #+##


You could see Chiseanne's ghost, a hobgoblin and a kobold.

Vanquished Creatures
  An orc priest (D:3)
  5 adders
  2 giant geckos
  4 orcs (D:3)
  2 ball pythons
  4 bats
  3 giant cockroaches
  5 hobgoblins
  2 jackals (D:1)
  2 giant newts (D:1)
  4 goblins
  4 kobolds
  5 rats (D:1)
43 creatures vanquished.

Notes
Turn   | Place    | Note
--------------------------------------------------------------
     0 | D:1      | ithil the Octopode Assassin began the quest for the Orb.
     0 | D:1      | Reached XP level 1. HP: 14/14 MP: 1/1
   280 | D:1      | Reached XP level 2. HP: 19/19 MP: 2/2
   813 | D:1      | Reached skill level 6 in Stealth
  1110 | D:2      | Reached XP level 3. HP: 24/24 MP: 3/3
  1268 | D:2      | Reached XP level 4. HP: 29/29 MP: 4/4
  1762 | D:3      | Reached skill level 7 in Stealth
  1765 | D:3      | Reached XP level 5. HP: 16/35 MP: 5/5
  1819 | D:3      | Found a bloodstained altar of Trog.
  1857 | D:3      | Noticed Chiseanne's ghost (average DsWn)
  1883 | D:3      | HP: 1/35 [poison (a potion of poison)]
  1884 | D:3      | Succumbed to poison (a potion of poison)

Vault maps used:
D:1:      dpeg_arrival_refuge, minmay_misc_feat_alley
D:3:      kennysheep_goblin_castle, bloody_trog

Action                   |  1- 3 |  4- 6 || total
-------------------------+-------+-------++-------
Melee: Dagger            |    50 |    45 ||    95
 Fire: Blowgun           |     8 |       ||     8
Throw: Stone             |     2 |     1 ||     3
  Use: Scroll            |     4 |     1 ||     5
       Potion            |       |     3 ||     3
 Stab: Sleeping          |    11 |     3 ||    14
  Eat: Chunk             |     1 |     2 ||     3
